 Dungeon Crawl Stone Soup version 0.28.0-45-g0d030f2227 (webtiles) character file.

Game seed: 6272352539452617901

154 Peloso the Covered (level 5, -2/47 HPs)
             Began as a Minotaur Fighter on Apr 4, 2022.
             Slain by a hornet zombie (3 damage)
             ... on level 3 of the Dungeon.
             The game lasted 00:02:22 (2197 turns).

Peloso the Covered (Minotaur Fighter)               Turns: 2197, Time: 00:02:22

Health: -2/47      AC:  7    Str: 21    XL:     5   Next: 13%
Magic:  4/4        EV:  9    Int:  5    God:
Gold:   71         SH:  4    Dex: 11    Spells: 4/4 levels left

rFire   . . .      SeeInvis .   a - +0 long sword
rCold   . . .      Faith    .   c - +0 buckler
rNeg    . . .      Spirit   .   b - +0 scale mail
rPois   .          Reflect  .   (helmet restricted)
rElec   .          Harm     .   (no cloak)
rCorr   .          Rampage  .   (no gloves)
Will    .....                   (no boots)
Stlth   ..........              (no amulet)
HPRegen 0.15/turn               (no ring)
MPRegen 0.09/turn               (no ring)

@: invisible
A: horns 2, retaliatory headbutt
a: no special abilities


You were on level 3 of the Dungeon.
You visited 1 branch of the dungeon, and saw 3 of its levels.

You collected 115 gold pieces.
You spent 44 gold pieces at shops.

Inventory:

Hand Weapons
 a - a +0 long sword (weapon)
Armour
 b - a +0 scale mail (worn)
 c - a +0 buckler (worn)
Jewellery
 j - a ring of fire
Scrolls
 e - 2 scrolls of blinking {unknown}
 f - a scroll of acquirement {unknown}
 g - 3 scrolls of identify {unknown}
 h - 2 scrolls of fog {unknown}
 m - a scroll of teleportation {unknown}
Potions
 d - a potion of might
 k - a potion of attraction {unknown}
 l - a potion of curing
 n - a potion of haste {unknown}


   Skills:
 + Level 4.3 Fighting
 + Level 4.3 Long Blades
 + Level 4.7 Armour
 + Level 0.4 Dodging
 + Level 0.4 Stealth
 + Level 4.3 Shields


You had 4 spell levels left.
You didn't know any spells.
Your spell library contained the following spells:

 Spells                   Type           Power      Damage    Failure   Level
 Inner Flame              Hex/Fire       0%         N/A       99%         3
 Cause Fear               Hex            0%         N/A       100%        4
 Discord                  Hex            0%         N/A       100%        8


Dungeon Overview and Level Annotations

Branches:
Dungeon (3/15)

Altars:

Shops:
D:2 !


Innate Abilities, Weirdness & Mutations

You have a pair of horns on your head.
You reflexively headbutt those who attack you in melee.


Message History

The hornet zombie barely misses you. You furiously retaliate!
You headbutt the hornet zombie! You barely miss the hornet zombie.
You headbutt the hornet zombie.
The hornet zombie is moderately damaged.
The hornet zombie barely misses you. You furiously retaliate!
You headbutt the hornet zombie. The hornet zombie hits you!
* * * LOW HITPOINT WARNING * * *
You completely miss the hornet zombie. Your headbutt misses the hornet zombie.
The hornet zombie is moderately damaged.
The hornet zombie barely misses you.
You barely miss the hornet zombie.
The hornet zombie is moderately damaged.
The hornet zombie closely misses you. The hornet zombie barely misses you.
It was a potion of invisibility.
You fade into invisibility!
The hornet zombie hits you but does no damage.
Things that are here:
a +0 dagger; a goblin corpse The hornet zombie barely misses you.
The hornet zombie barely misses you.
You slash the hornet zombie!
The hornet zombie is heavily damaged.
The hornet zombie barely misses you. x2
You slash the hornet zombie! Your headbutt misses the hornet zombie.
The hornet zombie is severely damaged.
The hornet zombie closely misses you.
You barely miss the hornet zombie.
The hornet zombie is severely damaged.
The hornet zombie hits you.
* * * LOW HITPOINT WARNING * * *
The hornet zombie closely misses you. You furiously retaliate!
You headbutt the hornet zombie. You hit the hornet zombie.
The hornet zombie is almost destroyed.
The hornet zombie hits you.
* * * LOW HITPOINT WARNING * * *
You closely miss the hornet zombie.
The hornet zombie is almost destroyed.
The hornet zombie hits you.
You die...

## .. #.######
#......#
#....#Z###
####.@†).##### #
#....#.#.##.. .
#.####)#.##.# # #
#.#.##.##########
#.#............##
#.####.#######.##
#.# #.# #... #.#
#[# #.## ..# #.#
#.##


You could see a hornet zombie.

Vanquished Creatures
  A scorpion (D:3)
  5 adders
  4 worms
  2 dart slugs
  An orc (D:3)
  5 bats
  6 endoplasms
  A giant cockroach (D:2)
  2 goblins
  2 hobgoblins (D:2)
  2 kobolds
  A quokka (D:2)
  4 ball pythons
  2 frilled lizards
  3 rats
41 creatures vanquished.

Notes
Turn   | Place    | Note
-------+----------+-------------------------------------------
     0 | D:1      | Peloso the Minotaur Fighter began the quest for the Orb.
     0 | D:1      | Reached XP level 1. HP: 19/19 MP: 0/0
   332 | D:1      | Reached XP level 2. HP: 27/27 MP: 1/1
   549 | D:1      | You fall into a shaft and drop 1 floor!
   875 | D:2      | Reached XP level 3. HP: 24/33 MP: 2/2
  1093 | D:2      | Found Cefus's Distillery.
  1102 | D:2      | Bought a potion of curing for 33 gold pieces
  1102 | D:2      | Bought a potion of degeneration for 11 gold pieces
  1745 | D:3      | Noticed a scorpion
  1751 | D:3      | Killed a scorpion
  1752 | D:3      | Reached XP level 4. HP: 30/41 MP: 3/3
  2109 | D:3      | Reached XP level 5. HP: 44/47 MP: 4/4
  2196 | D:3      | HP: 1/47 [hornet zombie (4)]
  2197 | D:3      | Slain by a hornet zombie

Illustrated notes

Levels and vault maps discovered:
D:1:      sevenhm_arrival_forest_fort_small_3, layout_basic, patterned_corridor
D:2:      layout_loops_corners, serial_shops, shop
D:3:      layout_loops_ring, hellmonk_ecumenical_altar_lost_god

Skill      XL: |  1  2  3  4 |
---------------+-------------+-----
Shields        | 4 |  4.3
Fighting       | 4 |  4.3
Armour         | 4 |  4.7
Long Blades    | 3 4 |  4.3
Dodging        | |  0.4
Stealth        | |  0.4

Action                   |  1- 3 |  4- 6 || total
-------------------------+-------+-------++-------
Melee: Long sword        |    82 |    33 ||   115
       Headbutt          |    10 |     2 ||    12
  Use: Potion            |       |     1 ||     1
Armor: Scale mail        |    43 |     3 ||    46
Dodge: Dodged            |    26 |    16 ||    42
Block: Buckler           |    16 |     7 ||    23
